 Dungeon Crawl Stone Soup version 0.31-a0-662-g684573625c (webtiles) character file.

Game seed: 12261832478903190369

2720 Aj7335 the Cleaver (level 9, -1/77 (80) HPs)
             Began as a Minotaur Chaos Knight on Aug 29, 2023.
             Was a Plaything of Xom.
             Slain by an orc warrior
             ... wielding a +0 battleaxe
              (9 damage)
             ... on level 7 of the Dungeon on Aug 31, 2023.
             The game lasted 00:12:28 (4922 turns).

Aj7335 the Cleaver (Minotaur Chaos Knight)          Turns: 4922, Time: 00:12:31

HP:   -1/77 (80)    AC: 14    Str: 31    XL:     9   Next: 39%
MP:   17/17         EV:  9    Int:  8    God:    Xom [.*....]
Gold: 268           SH:  7    Dex:  6    Spells: 8/8 levels left

rFire   . . .        y - +7 short sword of Grontol {freeze, rPois Str+4 Dex-3}
rCold   + . .        i - +0 kite shield
rNeg    . . .        m - +1 chain mail
rPois   +            (helmet restricted)
rElec   .            (no cloak)
rCorr   .            j - +2 pair of gloves {hurl}
SInv    .            (no boots)
Will    .....        (no amulet) Stlth
                     g - ring "Sosakk" {rC+ Will- MP+9 Str+2}
HPRegen 0.32/turn    (no ring)
MPRegen 0.15/turn

%: no passive effects
@: lightly drained
A: horns 2, retaliatory headbutt, strong 1
a: Renounce Religion


You were on level 7 of the Dungeon.
You worshipped Xom.
You were a plaything of Xom.
You visited 1 branch of the dungeon, and saw 7 of its levels.

You collected 341 gold pieces.
You spent 73 gold pieces at shops.

Inventory:

Hand Weapons
 a - a +0 hand axe of chaos
 y - the +7 short sword of Grontol (weapon) {freeze, rPois Str+4 Dex-3}
   (You found it on level 6 of the Dungeon)

   Str+4:     It affects your strength (+4).
   Dex-3:     It affects your dexterity (-3).
   rPois:     It protects you from poison
Missiles
 n - 20 stones (quivered)
Armour
 b - a +2 leather armour
 i - a +0 kite shield (worn)
 j - a +2 pair of gloves of hurling (worn)
 m - a +1 chain mail (worn)
Jewellery
 g - the ring "Sosakk" (left hand) {rC+ Will- MP+9 Str+2}
   (Xom gifted it to you on level 2 of the Dungeon)

   [ring of protection from cold]

   Str+2:     It affects your strength (+2).
   rC+:       It protects you from cold.
   Will-:     It decreases your willpower.
   MP+9:      It affects your magic capacity (+9).
Wands
 p - a wand of mindburst (5)
 x - a wand of roots (7)
Scrolls
 e - 3 scrolls of enchant armour
 f - a scroll of vulnerability {unknown}
 l - a scroll of poison {unknown}
 q - a scroll of revelation {unknown}
 r - a scroll of blinking {unknown}
 u - a scroll of fear {unknown}
 v - 3 scrolls of identify {unknown}
 z - a scroll of enchant weapon {unknown}
Potions
 d - 3 potions of ambrosia {unknown}
 h - 3 potions of curing
 k - a potion of brilliance {unknown}
 o - a potion of might {unknown}
 s - 2 potions of magic {unknown}
 t - a potion of cancellation {unknown}
 w - a potion of haste {unknown}


   Skills:
 + Level 7.7 Fighting
 + Level 0.3 Short Blades
 + Level 10.3 Axes
 + Level 6.7 Armour
 + Level 3.8 Dodging
 + Level 3.1 Stealth
 + Level 4.3 Shields


You had 8 spell levels left.
You didn't know any spells.
Your spell library contained the following spells:

 Spells                   Type           Power      Damage    Failure   Level
 Slow                     Hex            0%         N/A       95%         1
 Poisonous Vapours        Pois/Air       0%         N/A       99%         2
 Confusing Touch          Hex            0%         N/A       100%        3
 Gell's Gravitas          Tloc           0%         N/A       100%        3
 Mephitic Cloud           Conj/Pois/Air  0%         N/A       100%        3
 Summon Guardian Golem    Hex/Summ       0%         N/A       100%        3
 Teleport Other           Tloc           0%         N/A       100%        3
 Vampiric Draining        Necr           0%         2d6       100%        3
 Freezing Cloud           Conj/Ice/Air   0%         6-21      100%        5
 Dispersal                Tloc           0%         N/A       100%        6
 Orb of Destruction       Conj           0%         9d5       100%        7
 Spellforged Servitor     Conj/Summ      0%         N/A       100%        7


Dungeon Overview and Level Annotations

Branches:
Dungeon (7/15)             Temple (0/1) D:6

Altars:
Wu Jian

Shops:
D:1 [=(   D:3 (!([


Innate Abilities, Weirdness & Mutations

You have a pair of horns on your head.
You reflexively headbutt those who attack you in melee.
Your muscles are strong. (Str +4, Int/Dex -1)


Message History

The orc priest closely misses your butterfly.
You hit the orc priest but do no damage.
You headbutt the orc priest.
The orc priest is heavily wounded.
The grasping roots constrict the wight. x3
The grasping roots constrict the orc warrior.
The grasping roots constrict the orc priest.
The roots release their grip on the wight. x2
The roots release their grip on the orc warrior.
The wight hits you with a +0 mace.
* * * LOW HITPOINT WARNING * * *
The wight hits you with a +0 mace!
* * * LOW HITPOINT WARNING * * *
You feel drained.
* * * LOW HITPOINT WARNING * * *
The wight hits you from afar with a +4 spear.
* * * LOW HITPOINT WARNING * * *
Xom thinks this is hilarious!
You feel drained.
Your shadow imp hits the wight.
The orc hits you but does no damage. You block the orc warrior's attack.
The orc warrior completely misses your butterfly.
The orc warrior barely misses your shadow imp.
The orc priest hits your butterfly with a +0 falchion!
Your butterfly dies!
Your butterfly disappears in a burst of colours!
Unknown command.
It was a potion of curing.
You feel better.
The grasping roots constrict the wight.
You destroy the wight!
The grasping roots constrict the orc priest.
You kill the orc priest!
The wight closely misses your butterfly.
The white imp barely misses your butterfly.
The wight hits your shadow imp with a +0 mace!
Your shadow imp dies!
Your shadow imp disappears in a puff of smoke!
You block the wight's attack.
The orc warrior hits you with a +0 battleaxe!
You die...
Xom giggles madly!

#....##.....
......#.##...# .....
.........##..## ....##
............... .>...#.
#............. ..b....
....#.<###... .......
...##<......#####.......
<......#........bz...bb.
.##...#......##.@ob.....
.##...##....###))zb.b.z.
.#....###.### ##o.b.b.5.
..###...#..# ...b.bb..
...........# .........
....#.#.#.## ......../.
#..##.##### ###.......
#.# ### ....... ##


You could see an orc warrior (ally target), 3 wights, a white imp and an orc
(ally target).

Vanquished Creatures
  A shining eye (shapeshifter) (D:3)
  Grinder (D:3)
  Menkaure (D:6)
  A steam dragon (D:4)
  A black bear (D:6)
  A sky beast (D:6)
  2 ogres
  2 phantoms (D:6)
  4 scorpions
  10 wights
  A howler monkey (D:5)
  4 jellies
  3 orc priests
  2 hounds
  4 iguanas
  5 orc wizards
  6 adders
  A shadow imp (D:6)
  A white imp (D:6)
  3 ufetubi
  4 dart slugs
  26 orcs
  6 ball pythons
  4 bats
  4 endoplasms
  3 giant cockroaches
  2 goblins
  7 hobgoblins
  2 jackals (D:3)
  3 kobolds
  3 quokkas (D:2)
  5 frilled lizards
  10 rats
133 creatures vanquished.

Notes
Turn   | Place    | Note
-------+----------+-------------------------------------------
     0 | D:1      | Aj7335 the Minotaur Chaos Knight began the quest for the
                  | Orb.
     0 | D:1      | Reached XP level 1. HP: 19/19 MP: 0/0
   141 | D:1      | Found Itzioppu's Weapon Shop.
   195 | D:1      | Reached XP level 2. HP: 27/27 MP: 1/1
   231 | D:1      | Found Wedor's Jewellery Boutique.
   298 | D:1      | Reached skill level 4 in Axes
   310 | D:1      | Upgraded the game from 0.31-a0-654-gbe3e110b4e to
                  | 0.31-a0-656-gb4d89c20fa
   367 | D:1      | XOM: draining
   508 | D:1      | Found Uptan's Antique Armour Boutique.
   524 | D:1      | You fall into a shaft and drop 1 floor!
   620 | D:2      | Reached XP level 3. HP: 28/29 MP: 2/2
   626 | D:2      | Noticed an ogre
   633 | D:2      | Killed an ogre
   634 | D:2      | Reached skill level 5 in Axes
   634 | D:2      | Reached XP level 4. HP: 21/41 MP: 3/3
   690 | D:2      | Identified the ring "Sosakk" {rC+ Will- MP+9 Str+2} (Xom
                  | gifted it to you on level 2 of the Dungeon)
   690 | D:2      | XOM: god gift: ring "Sosakk" {rC+ Will- MP+9 Str+2}
  1019 | D:2      | Reached XP level 5. HP: 47/47 MP: 4/4
  1308 | D:3      | XOM is BORED!
  1314 | D:3      | XOM: scenery: summon butterflies
  1338 | D:3      | Noticed Grinder
  1340 | D:3      | Found Eluit's Antique Armour Shop.
  1351 | D:3      | Killed Grinder
  1352 | D:3      | Reached skill level 5 in Fighting
  1352 | D:3      | Reached skill level 6 in Axes
  1352 | D:3      | Reached XP level 6. HP: 34/56 MP: 5/5
  1766 | D:3      | Found Zowytz's Weapon Shop.
  1802 | D:3      | Bought 3 stones for 3 gold pieces
  1853 | D:3      | Found Ziavizeh's Distillery.
  1870 | D:3      | Found Pukaimokkau's Weapon Emporium.
  1874 | D:3      | Bought a potion of heal wounds for 70 gold pieces
  1875 | D:3      | Upgraded the game from 0.31-a0-656-gb4d89c20fa to
                  | 0.31-a0-662-g684573625c
  1999 | D:3      | Reached skill level 7 in Axes
  2040 | D:3      | a goblin changed into a shapeshifter
  2040 | D:3      | Noticed a shapeshifter (shapeshifter)
  2040 | D:3      | a shapeshifter changed into a black bear
  2043 | D:3      | a black bear changed into a harpy
  2043 | D:3      | Noticed a harpy (shapeshifter)
  2049 | D:3      | XOM: butterfly on damage
  2050 | D:3      | a harpy changed into a wind drake
  2050 | D:3      | Noticed a wind drake (shapeshifter)
  2053 | D:3      | a wind drake changed into a cane toad
  2053 | D:3      | Noticed a cane toad (shapeshifter)
  2055 | D:3      | XOM: confuse monster(s)
  2058 | D:3      | a cane toad changed into a yaktaur
  2058 | D:3      | Noticed a yaktaur (shapeshifter)
  2058 | D:3      | a yaktaur changed into a cyclops
  2058 | D:3      | Noticed a cyclops (shapeshifter)
  2061 | D:3      | XOM: confuse monster(s)
  2063 | D:3      | a cyclops changed into a shining eye
  2063 | D:3      | Noticed a shining eye (shapeshifter)
  2065 | D:3      | Gained mutation: Your muscles are strong. (Str +4, Int/Dex
                  | -1) [a shining eye]
  2071 | D:3      | Killed a shining eye
  2072 | D:3      | Reached skill level 8 in Axes
  2072 | D:3      | Reached skill level 1 in Shields
  2072 | D:3      | Reached XP level 7. HP: 20/63 MP: 6/6
  2394 | D:4      | a jelly changed into a steam dragon
  2394 | D:4      | Noticed a steam dragon
  2396 | D:4      | XOM: fog
  2400 | D:4      | Killed a steam dragon
  2446 | D:4      | XOM: 2-stop teleportation journey
  2478 | D:4      | XOM: silly message
  2494 | D:4      | Reached skill level 5 in Armour
  2495 | D:4      | Reached XP level 8. HP: 57/71 MP: 7/7
  2616 | D:4      | Found an ornate altar of the Wu Jian Council.
  2869 | D:5      | Entered Level 5 of the Dungeon
  2977 | D:5      | Reached skill level 9 in Axes
  2981 | D:5      | XOM: cast spell 'Summon Small Mammal'
  2987 | D:5      | Reached skill level 1 in Stealth
  3105 | D:5      | XOM: god gift: black potion {god gift}
  3143 | D:5      | XOM: smoke on damage
  3189 | D:5      | XOM: 3-stop teleportation journey
  3424 | D:6      | XOM: divination: detect creatures
  3459 | D:6      | XOM: potion effect (invisibility)
  3616 | D:6      | Identified the +7 short sword of Grontol {freeze, rPois
                  | Str+4 Dex-3}
  3619 | D:6      | Found a staircase to the Ecumenical Temple.
  3659 | D:6      | XOM: potion effect (berserk rage)
  3662 | D:6      | Reached XP level 9. HP: 79/79 MP: 8/8
  3662 | D:6      | Noticed Menkaure
  3674 | D:6      | Killed Menkaure
  3683 | D:6      | XOM: confuse monster(s)
  3692 | D:6      | Reached skill level 10 in Axes
  3823 | D:6      | XOM: silly message
  4647 | D:6      | XOM: summons 3 hostile shadow creatures
  4913 | D:7      | XOM: summons friendly shadow imp
  4921 | D:7      | HP: 1/78 [wight/+4 spear (3)]
  4922 | D:7      | Slain by an orc warrior

Illustrated notes

Levels and vault maps discovered:
D:1:      minmay_arrival_loop, layout_loops_ring, serial_shops, shop,
          nicolae_shop_gaudy_bauble, nicolae_shop_tiny_statue_garden,
          nicolae_shop_tiny_waterfront, kennysheep_decorative_pillar,
          glass_columns_b
D:2:      layout_rooms
D:3:      layout_basic, serial_forest, infiniplex_forest_clump_double,
          infiniplex_forest_straight_2, infiniplex_forest_pool,
          infiniplex_forest_clump_medium, infiniplex_forest_corner_1,
          infiniplex_forest_clump_small, infiniplex_forest_clump_medium,
          infiniplex_forest_lined_corner, serial_shops,
          nicolae_shop_advertising_works [nicolae_subvault_shop_adworks], shop,
          nicolae_shop_bloodbath_and_beyond, shop, uniq_grinder
D:4:      layout_basic, mainiacjoe_overflow_six_doors_small
D:5:      layout_rooms
D:6:      layout_basic, minmay_temple_entry_butterflies, minivault_24,
          hex_medium, uniq_menkaure
D:7:      layout_cave_pools

Skill      XL: |  1  2  3  4  5  6  7  8  9 |
---------------+----------------------------+-----
Armour         | 3 4 5 6 |  6.7
Axes           | 4 5 6 8 9 10 | 10.3
Fighting       | 4 5 6 7 |  7.7
Dodging        | 2 3 |  3.8
Shields        | 1 3 4 |  4.3
Stealth        | 2 3 |  3.1
Short Blades   | |  0.3

Action                     |  1- 3 |  4- 6 |  7- 9 || total
---------------------------+-------+-------+-------++-------
  Melee: Hand axe          |    41 |   108 |   158 ||   307
         Headbutt          |     6 |    15 |    30 ||    51
         Punch             |     2 |       |       ||     2
         Short sword       |       |       |    47 ||    47
  Throw: Stone             |       |       |     3 ||     3
  Evoke: Wand              |       |       |     3 ||     3
    Use: Scroll            |       |     1 |     1 ||     2
         Potion            |       |       |     2 ||     2
   Stab: Paralysed         |       |       |     2 ||     2
         Invisible         |       |       |     6 ||     6
 Armour: Leather armour    |    15 |    23 |       ||    38
         Chain mail        |       |    24 |   148 ||   172
  Dodge: Dodged            |    21 |    37 |    86 ||   144
  Block: Kite shield       |       |    22 |    84 ||   106

Table legend: (Time is in decaauts)
 A = Elapsed time spent in this place.
 B = Non-inter-level travel time spent in this place.
 C = Inter-level travel time spent in this place.
 D = Time resting spent in this place.
 E = Time spent auto-exploring this place.
 F = Levels seen in this place.
 G = Mean time per level.
                   A        B        C        D        E       F      G
               +--------+--------+--------+--------+--------+-----+--------+
         Total |   4943 |   4689 |    254 |    317 |   3616 |   7 |  706.1 |
       Dungeon |   4943 |   4689 |    254 |    317 |   3616 |   7 |  706.1 |
               +--------+--------+--------+--------+--------+-----+--------+

Top non-repeatable levels by time:
     D:6: 1471 daAuts
     D:3: 1170 daAuts
     D:2: 673 daAuts
     D:5: 548 daAuts
     D:1: 527 daAuts
     D:4: 514 daAuts
     D:7: 37 daAuts
